| TOP OF THE 1ST |
|
New Hampshire Fisher Cats batting - Pitching for Trenton Thunder : RHP George Rosario
|
|
Pitching: RHP George Rosario
|
|
|
Batting: RHB Kirk Seiffert
|
0-0: Swinging Strike 0-1: Ball 1-1: Swinging Strike 1-2: Ball 2-2: Ball 3-2: Ground out U3 (Groundball, 34S, EV 85.6 MPH)
|
|
Batting: RHB Stephen Casteel
|
0-0: Foul Ball, location: 2F 0-1: Ball 1-1: Fly out, F5 (Popup, 56, EV 71.9 MPH)
|
|
Batting: RHB Justin Geiger
|
0-0: Foul Ball, location: 2F 0-1: Ball 1-1: Ball 2-1: Ground out 3-1 (Groundball, 34S, EV 68.1 MPH)
|
| Top of the 1st over - 0 runs, 0 hits, 0 errors, 0 left on base; New Hampshire 0 - Trenton 0 |
| BOTTOM OF THE 1ST |
|
Trenton Thunder batting - Pitching for New Hampshire Fisher Cats : RHP Bill Dillard
|
|
Pitching: RHP Bill Dillard
|
|
|
Batting: LHB Justin O'Neal
|
0-0: Called Strike 0-1: Foul Ball, location: 2F 0-2: Ball 1-2: Foul Ball, location: 2F 1-2: Foul Ball, location: 2F 1-2: Ball 2-2: Strikes out swinging
|
|
Batting: LHB Steve LeGrand
|
0-0: Ball 1-0: Foul Ball, location: 2F 1-1: Swinging Strike 1-2: Ball 2-2: Strikes out swinging
|
|
Batting: LHB Jared Zulkowski
|
0-0: Ball 1-0: Called Strike 1-1: Ball 2-1: Ball 3-1: Fly out, F8 (Flyball, 89D, EV 87.5 MPH)
|
| Bottom of the 1st over - 0 runs, 0 hits, 0 errors, 0 left on base; New Hampshire 0 - Trenton 0 |
| TOP OF THE 2ND |
|
New Hampshire Fisher Cats batting - Pitching for Trenton Thunder : RHP George Rosario
|
|
Batting: LHB Gabe Pace
|
0-0: Ball 1-0: Foul Ball, location: 2F 1-1: SINGLE (Groundball, 4D, EV 94.4 MPH)
|
|
Batting: RHB John Hering
|
0-0: Called Strike 0-1: Called Strike 0-2: Ball 1-2: Ball Gabe Pace steals 2nd base (no throw) 2-2: Ground out 4-3 (Groundball, 4S, EV 82.5 MPH) Gabe Pace to third
|
|
Batting: RHB Chris Martin
|
0-0: Ball 1-0: Ball Wild Pitch! Gabe Pace scores 2-0: Called Strike 2-1: Foul Ball, location: 2F 2-2: SINGLE (Line Drive, 3D, EV 101.2 MPH)
|
|
Batting: RHB Marcos Villalobos
|
0-0: Ball 1-0: Ball 2-0: Ball 3-0: Base on Balls Chris Martin to second
|
|
Batting: LHB Kurt Estep
|
0-0: Ball 1-0: Ball 2-0: Ball 3-0: Base on Balls Chris Martin to third Marcos Villalobos to second
|
|
Batting: RHB Justin Powell
|
0-0: Ball 1-0: Fielders Choice at 2nd, 6-4 (Groundball, 6S, EV 89.4 MPH) Chris Martin scores Marcos Villalobos to third
|
|
Batting: RHB Kirk Seiffert
|
0-0: Ball 1-0: Ball 2-0: Ball 3-0: Base on Balls Justin Powell to second
|
|
Batting: RHB Stephen Casteel
|
0-0: Ball 1-0: Fielders Choice at 2nd, 5-4 (Groundball, 56, EV 100.0 MPH)
|
| Top of the 2nd over - 2 runs, 2 hits, 0 errors, 3 left on base; New Hampshire 2 - Trenton 0 |
| BOTTOM OF THE 2ND |
|
Trenton Thunder batting - Pitching for New Hampshire Fisher Cats : RHP Bill Dillard
|
|
Batting: SHB Corey Penson
|
0-0: Called Strike 0-1: Ground out 4-3 (Groundball, 34, EV 87.5 MPH)
|
|
Batting: LHB Dale Anderson
|
0-0: Foul Ball, location: 2F 0-1: Ground out 5-3 (Groundball, 6M, EV 106.2 MPH)
|
|
Batting: RHB Elmar Adenauer
|
0-0: Ball 1-0: Ball 2-0: Ground out 6-3 (Groundball, 6, EV 108.8 MPH)
|
| Bottom of the 2nd over - 0 runs, 0 hits, 0 errors, 0 left on base; New Hampshire 2 - Trenton 0 |
| TOP OF THE 3RD |
|
New Hampshire Fisher Cats batting - Pitching for Trenton Thunder : RHP George Rosario
|
|
Batting: RHB Justin Geiger
|
0-0: Called Strike 0-1: Foul Ball, location: 2F 0-2: Ball 1-2: Foul Ball, location: 2F 1-2: Ball 2-2: Ball 3-2: Ground out U3 (Groundball, 3, EV 106.2 MPH)
|
|
Batting: LHB Gabe Pace
|
0-0: Ball 1-0: Foul Ball, location: 2F 1-1: Swinging Strike 1-2: Strikes out swinging
|
|
Batting: RHB John Hering
|
0-0: Fly out, F8 (Line Drive, 8LD, EV 101.2 MPH)
|
| Top of the 3rd over - 0 runs, 0 hits, 0 errors, 0 left on base; New Hampshire 2 - Trenton 0 |
| BOTTOM OF THE 3RD |
|
Trenton Thunder batting - Pitching for New Hampshire Fisher Cats : RHP Bill Dillard
|
|
Batting: SHB David Stewart
|
0-0: Ball 1-0: Swinging Strike 1-1: Ball 2-1: Called Strike 2-2: Strikes out swinging
|
|
Batting: RHB Phil Reeves
|
0-0: Ball 1-0: Foul Ball, location: 2F 1-1: Ball 2-1: Foul Ball, location: 2F 2-2: Foul Ball, location: 2F 2-2: Fly out, F4 (Popup, 3S, EV 88.1 MPH)
|
|
Batting: RHB Jonathan Iniguez
|
0-0: SINGLE (Groundball, 34D, EV 103.8 MPH) (infield hit)
|
|
Batting: LHB Justin O'Neal
|
0-0: Ball 1-0: TRIPLE (Flyball, 78XD, EV 101.9 MPH) Jonathan Iniguez scores
|
|
Batting: LHB Steve LeGrand
|
0-0: Swinging Strike 0-1: Called Strike 0-2: Strikes out looking
|
| Bottom of the 3rd over - 1 run, 2 hits, 0 errors, 1 left on base; New Hampshire 2 - Trenton 1 |
| TOP OF THE 4TH |
|
New Hampshire Fisher Cats batting - Pitching for Trenton Thunder : RHP George Rosario
|
|
Batting: RHB Chris Martin
|
0-0: Ground out 6-3 (Groundball, 6, EV 99.4 MPH)
|
|
Batting: RHB Marcos Villalobos
|
0-0: Ball 1-0: Ball 2-0: Ball 3-0: Base on Balls
|
|
Batting: LHB Kurt Estep
|
0-0: Called Strike 0-1: Hit by Pitch Marcos Villalobos to second
|
|
Batting: RHB Justin Powell
|
0-0: Ball 1-0: Called Strike 1-1: Ball Marcos Villalobos steals 3rd base Kurt Estep to second 2-1: Ball 3-1: SINGLE (Groundball, 4MD, EV 105.6 MPH) Marcos Villalobos scores Kurt Estep to third
|
|
Batting: RHB Kirk Seiffert
|
0-0: Ball Justin Powell steals 2nd base 1-0: Ball 2-0: Called Strike 2-1: Foul Ball, location: 2F 2-2: Strikes out swinging
|
|
Batting: RHB Stephen Casteel
|
0-0: Ball 1-0: Ball 2-0: Called Strike 2-1: Called Strike 2-2: Ball 3-2: Ground out 4-3 (Groundball, 4, EV 83.8 MPH)
|
| Top of the 4th over - 1 run, 1 hit, 0 errors, 2 left on base; New Hampshire 3 - Trenton 1 |
| BOTTOM OF THE 4TH |
|
Trenton Thunder batting - Pitching for New Hampshire Fisher Cats : RHP Bill Dillard
|
|
Batting: LHB Jared Zulkowski
|
0-0: Called Strike 0-1: Ball 1-1: Foul Ball, location: 2F 1-2: Ball 2-2: Ball 3-2: SINGLE (Groundball, 56D, EV 96.2 MPH)
|
|
Batting: SHB Corey Penson
|
0-0: Ball 1-0: Ball 2-0: Ball 3-0: Called Strike 3-1: Fly out, F7 (Flyball, 78S, EV 86.2 MPH)
|
|
Batting: LHB Dale Anderson
|
0-0: Called Strike 0-1: Swinging Strike 0-2: Ball 1-2: Ball 2-2: Foul Ball, location: 2F 2-2: Strikes out swinging
|
|
Batting: RHB Elmar Adenauer
|
0-0: Called Strike 0-1: Called Strike 0-2: Ball 1-2: Foul Ball, location: 2F 1-2: Foul Ball, location: 2F 1-2: Strikes out swinging
|
| Bottom of the 4th over - 0 runs, 1 hit, 0 errors, 1 left on base; New Hampshire 3 - Trenton 1 |
| TOP OF THE 5TH |
|
New Hampshire Fisher Cats batting - Pitching for Trenton Thunder : RHP George Rosario
|
|
Batting: RHB Justin Geiger
|
0-0: Called Strike 0-1: Foul Ball, location: 2F 0-2: Foul Ball, location: 2F 0-2: Foul Ball, location: 2F 0-2: Ground out U3 (Groundball, 34, EV 83.8 MPH)
|
|
Batting: LHB Gabe Pace
|
0-0: Ground out 4-3 (Groundball, 4D, EV 77.5 MPH)
|
|
Batting: RHB John Hering
|
0-0: Swinging Strike 0-1: Foul Ball, location: 2F 0-2: Reached on error, E4 (Groundball, 4, EV 83.8 MPH)
|
|
Batting: RHB Chris Martin
|
0-0: Ball 1-0: Ball 2-0: SINGLE (Groundball, 6D, EV 101.9 MPH) John Hering to third Runner from 3rd tries for Home, SAFE, throw by CF to home Chris Martin to second
|
|
Batting: RHB Marcos Villalobos
|
0-0: Called Strike 0-1: Foul Ball, location: 2F 0-2: Ball 1-2: Ball 2-2: Foul Ball, location: 2F 2-2: Ball 3-2: Base on Balls
|
|
Batting: LHB Kurt Estep
|
0-0: Swinging Strike 0-1: SINGLE (Groundball, 56D, EV 106.9 MPH) Chris Martin to third Marcos Villalobos to second Runner from 3rd tries for Home, throw by LF and OUT! 7-2
|
| Top of the 5th over - 1 run, 2 hits, 1 error, 2 left on base; New Hampshire 4 - Trenton 1 |
| BOTTOM OF THE 5TH |
|
Trenton Thunder batting - Pitching for New Hampshire Fisher Cats : RHP Bill Dillard
|
|
Batting: SHB David Stewart
|
0-0: Called Strike 0-1: Ball 1-1: Fly out, F8 (Flyball, 8RD, EV 85.6 MPH)
|
|
Batting: RHB Phil Reeves
|
0-0: Ball 1-0: Called Strike 1-1: Foul Ball, location: 2F 1-2: Strikes out swinging
|
|
Batting: RHB Jonathan Iniguez
|
0-0: Fly out, F8 (Flyball, 8LD, EV 99.4 MPH)
|
| Bottom of the 5th over - 0 runs, 0 hits, 0 errors, 0 left on base; New Hampshire 4 - Trenton 1 |
| TOP OF THE 6TH |
|
New Hampshire Fisher Cats batting - Pitching for Trenton Thunder : RHP George Rosario
|
|
Batting: RHB Justin Powell
|
0-0: Ball 1-0: Ground out 5-3 (Groundball, 56S, EV 88.1 MPH)
|
|
Pitching: LHP Jon Moore
|
|
|
Batting: RHB Kirk Seiffert
|
0-0: Ball 1-0: Foul Ball, location: 2F 1-1: Foul Ball, location: 2F 1-2: Foul Ball, location: 2F 1-2: Hit by Pitch
|
|
Batting: RHB Stephen Casteel
|
0-0: Ball 1-0: Called Strike 1-1: Foul Ball, location: 2F 1-2: Strikes out looking
|
|
Batting: RHB Justin Geiger
|
0-0: Ball Kirk Seiffert is caught stealing 2nd base 2-4
|
| Top of the 6th over - 0 runs, 0 hits, 0 errors, 0 left on base; New Hampshire 4 - Trenton 1 |
| BOTTOM OF THE 6TH |
|
Trenton Thunder batting - Pitching for New Hampshire Fisher Cats : RHP Bill Dillard
|
|
Batting: LHB Justin O'Neal
|
0-0: Ball 1-0: DOUBLE (Line Drive, 7LM, EV 103.1 MPH)
|
|
Batting: LHB Steve LeGrand
|
0-0: Ball 1-0: Ground out 6-3 (Groundball, 6, EV 101.2 MPH)
|
|
Batting: LHB Jared Zulkowski
|
0-0: Called Strike 0-1: Ground out 6-3 (Groundball, 56, EV 105.0 MPH)
|
|
Batting: SHB Corey Penson
|
0-0: Ground out 4-3 (Groundball, 4, EV 80.6 MPH)
|
| Bottom of the 6th over - 0 runs, 1 hit, 0 errors, 1 left on base; New Hampshire 4 - Trenton 1 |
| TOP OF THE 7TH |
|
New Hampshire Fisher Cats batting - Pitching for Trenton Thunder : LHP Jon Moore
|
|
Batting: RHB Justin Geiger
|
0-0: Ball 1-0: Swinging Strike 1-1: Ball 2-1: Swinging Strike 2-2: Strikes out swinging
|
|
Batting: LHB Gabe Pace
|
0-0: Ball 1-0: Ball 2-0: Ball 3-0: Called Strike 3-1: Called Strike 3-2: Foul Ball, location: 2F 3-2: Strikes out swinging
|
|
Batting: RHB John Hering
|
0-0: Ball 1-0: Swinging Strike 1-1: Called Strike 1-2: Strikes out swinging
|
| Top of the 7th over - 0 runs, 0 hits, 0 errors, 0 left on base; New Hampshire 4 - Trenton 1 |
| BOTTOM OF THE 7TH |
|
Trenton Thunder batting - Pitching for New Hampshire Fisher Cats : RHP Bill Dillard
|
|
Batting: LHB Dale Anderson
|
0-0: Ball 1-0: Ball 2-0: Called Strike 2-1: Foul Ball, location: 2F 2-2: Foul Ball, location: 2F 2-2: Foul Ball, location: 2F 2-2: DOUBLE (Line Drive, 78D, EV 110.6 MPH)
|
|
Batting: RHB Elmar Adenauer
|
0-0: Called Strike 0-1: Ball 1-1: Foul Ball, location: 2F 1-2: Ball 2-2: Foul Ball, location: 2F 2-2: Foul Ball, location: 2F 2-2: Ground out 5-3 (Groundball, 5, EV 91.2 MPH)
|
|
Batting: SHB David Stewart
|
0-0: Ball 1-0: Ball 2-0: Ball 3-0: Called Strike 3-1: Fly out, F8 (Flyball, 89D, EV 102.5 MPH)
|
|
Batting: RHB Phil Reeves
|
0-0: Foul Ball, location: 2F 0-1: Called Strike 0-2: Ball Wild Pitch! Dale Anderson to third 1-2: Foul Ball, location: 2F 1-2: Foul Ball, location: 2F 1-2: Strikes out looking
|
| Bottom of the 7th over - 0 runs, 1 hit, 0 errors, 1 left on base; New Hampshire 4 - Trenton 1 |
| TOP OF THE 8TH |
|
New Hampshire Fisher Cats batting - Pitching for Trenton Thunder : LHP Jon Moore
|
|
Pitching: RHP Jimmy Wilder
|
|
|
Batting: RHB Chris Martin
|
0-0: Foul Ball, location: 2F 0-1: Foul Ball, location: 2F 0-2: Ball 1-2: Ball 2-2: Strikes out swinging
|
|
Batting: RHB Marcos Villalobos
|
0-0: Called Strike 0-1: Called Strike 0-2: Ball 1-2: Ball 2-2: TRIPLE (Flyball, 78XD, EV 91.2 MPH)
|
|
Batting: LHB Kurt Estep
|
0-0: Swinging Strike 0-1: Fly out, F9 (Line Drive, 9, EV 97.5 MPH)
|
|
Batting: RHB Justin Powell
|
0-0: Swinging Strike 0-1: Ball 1-1: Ground out 3-1 (Groundball, 34S, EV 90.0 MPH)
|
| Top of the 8th over - 0 runs, 1 hit, 0 errors, 1 left on base; New Hampshire 4 - Trenton 1 |
| BOTTOM OF THE 8TH |
|
Trenton Thunder batting - Pitching for New Hampshire Fisher Cats : RHP Bill Dillard
|
|
Batting: RHB Jonathan Iniguez
|
0-0: Foul Ball, location: 2F 0-1: Called Strike 0-2: Fly out, F3 (Popup, 3SF, EV 85.6 MPH)
|
|
Batting: LHB Justin O'Neal
|
0-0: Ball 1-0: Swinging Strike 1-1: Ball 2-1: Called Strike 2-2: SOLO HOME RUN (Flyball, 7D, EV 101.9 MPH), Distance : 409 ft
|
|
Batting: LHB Steve LeGrand
|
0-0: Ball 1-0: Ball 2-0: Ball 3-0: Foul Ball, location: 2F 3-1: Foul Ball, location: 2F 3-2: Ground out 6-3 (Groundball, 6, EV 78.8 MPH)
|
|
Batting: LHB Jared Zulkowski
|
0-0: Foul Ball, location: 2F 0-1: SINGLE (Line Drive, 34, EV 97.5 MPH)
|
|
Batting: SHB Corey Penson
|
0-0: Called Strike 0-1: Swinging Strike 0-2: Strikes out looking
|
| Bottom of the 8th over - 1 run, 2 hits, 0 errors, 1 left on base; New Hampshire 4 - Trenton 2 |
| TOP OF THE 9TH |
|
New Hampshire Fisher Cats batting - Pitching for Trenton Thunder : RHP Jimmy Wilder
|
|
Pitching: RHP Jarred Sharp
|
|
|
Batting: RHB Kirk Seiffert
|
0-0: Ground out 6-3 (Groundball, 6, EV 83.1 MPH)
|
|
Batting: RHB Stephen Casteel
|
0-0: Called Strike 0-1: Foul Ball, location: 2F 0-2: Ball 1-2: DOUBLE (Line Drive, 7LS, EV 112.5 MPH)
|
|
Batting: RHB Justin Geiger
|
0-0: Ball 1-0: Ground out 4-3 (Groundball, 4, EV 80.0 MPH) Stephen Casteel to third
|
|
Batting: LHB Gabe Pace
|
0-0: Foul Ball, location: 2F 0-1: Ball 1-1: Foul Ball, location: 2F 1-2: Ground out 1-3 (Groundball, 13S, EV 63.8 MPH)
|
| Top of the 9th over - 0 runs, 1 hit, 0 errors, 1 left on base; New Hampshire 4 - Trenton 2 |
| BOTTOM OF THE 9TH |
|
Trenton Thunder batting - Pitching for New Hampshire Fisher Cats : RHP Bill Dillard
|
|
Pitching: LHP Mitchel Larson
|
|
|
Batting: LHB Dale Anderson
|
0-0: Ball 1-0: Ground out 4-3 (Groundball, 34D, EV 105.6 MPH)
|
|
Batting: RHB Elmar Adenauer
|
0-0: Foul Ball, location: 2F 0-1: Called Strike 0-2: Ball 1-2: Ball 2-2: Strikes out swinging
|
|
Batting: SHB David Stewart
|
0-0: Ground out 4-3 (Groundball, 34D, EV 85.6 MPH)
|
| Bottom of the 9th over - 0 runs, 0 hits, 0 errors, 0 left on base; New Hampshire 4 - Trenton 2 |
|